 Dungeon Crawl Stone Soup version 0.31.0-7-gf635a9b802 (webtiles) character file.

Game seed: 15280920484710145309

518 Dirian the Covered (level 7, 0/61 HPs)
             Began as a Minotaur Fighter on Jan 23, 2024.
             Slain by a gnoll
             ... wielding a +0 halberd
              (6 damage)
             ... on level 3 of the Dungeon.
             The game lasted 00:02:59 (2810 turns).

Dirian the Covered (Minotaur Fighter)               Turns: 2810, Time: 00:03:00

Health: 0/61       AC:  8    Str: 22    XL:     7   Next: 1%
Magic:  6/6        EV:  9    Int:  5    God:
Gold:   161        SH:  4    Dex: 10    Spells: 6/6 levels left

rFire   . . .        a - +0 war axe
rCold   . . .        c - +0 buckler
rNeg    . . .        b - +0 scale mail
rPois   .            (helmet restricted)
rElec   .            (no cloak)
rCorr   .            (no gloves)
SInv    .            f - +0 pair of boots
Will    .....        (no amulet) Stlth
                     (no ring)
HPRegen 0.30/turn    (no ring)
MPRegen 0.10/turn

%: no passive effects
@: no status effects
A: horns 2, retaliatory headbutt
a: no special abilities


You were on level 3 of the Dungeon.
You visited 1 branch of the dungeon, and saw 5 of its levels.

You collected 161 gold pieces.

Inventory:

Hand Weapons
 a - a +0 war axe (weapon)
 d - a +0 flail
Missiles
 h - 3 boomerangs (quivered)
Armour
 b - a +0 scale mail (worn)
 c - a +0 buckler (worn)
 f - a +0 pair of boots (worn)
 i - a +0 plate armour
Jewellery
 j - a ring of fire
 n - an amulet of regeneration
Wands
 m - a wand of polymorph (10)
Scrolls
 g - 2 scrolls of identify {unknown}
 l - 2 scrolls of teleportation {unknown}
 o - a scroll of revelation {unknown}
Potions
 e - 3 potions of curing {unknown}
 k - 2 potions of enlightenment {unknown}


   Skills:
 + Level 5.4 Fighting
 + Level 5.9 Axes
 + Level 6.1 Armour
 + Level 4.4 Shields


You had 6 spell levels left.
You didn't know any spells.
Your spell library contained the following spells:

 Spells                   Type           Power      Damage    Failure   Level
 Magic Dart               Conj           0%         1d3       85%         1
 Blink                    Tloc           0%         N/A       94%         2
 Call Imp                 Summ           0%         N/A       94%         2
 Hailstorm                Conj/Ice       0%         3d5       99%         3
 Summon Ice Beast         Ice/Summ       0%         N/A       99%         3
 Sculpt Simulacrum        Ice/Alch       0%         N/A       100%        6


Dungeon Overview and Level Annotations

Branches:
Dungeon (5/15) Zot: 26862
 Temple: D:4-7

Altars:
Kikubaaqudgha
Zin


Innate Abilities, Weirdness & Mutations

You have a pair of horns on your head.
You reflexively headbutt those who attack you in melee.


Message History

The gnoll shouts!
You barely miss the gnoll. The gnoll hits you with a +0 halberd!
You barely miss the gnoll. Your headbutt misses the gnoll.
The gnoll hits you with a +0 halberd.
You completely miss the gnoll. The gnoll hits you but does no damage.
You block the gnoll's attack. x2; The gnoll throws a throwing net.
The throwing net hits you.
You become entangled in the net!
The gnoll hits you with a +0 halberd.
You are held in a net!
You are held in a net!
You are held in a net!
You are held in a net!
You are held in a net!
You are held in a net!
You are held in a net!
You are held in a net!
You are held in a net!
You are held in a net!
You are held in a net!
You are held in a net!
You are held in a net!
You tear a large gash into the net.
The gnoll hits you from afar with a +0 halberd.
The gnoll hits you with a +0 halberd!
You struggle against the net.
The gnoll hits you from afar with a +0 halberd!
The gnoll hits you but does no damage. The gnoll hits you with a +0 halberd!
You struggle against the net.
The gnoll hits you from afar with a +0 halberd.
* * * LOW HITPOINT WARNING * * *
The gnoll hits you with a +0 whip.
* * * LOW HITPOINT WARNING * * *
The gnoll barely misses you.
You rip the net and break free!
The gnoll closely misses you. The gnoll barely misses you.
The gnoll hits you with a +0 halberd!
* * * LOW HITPOINT WARNING * * *
You barely miss the gnoll. Your headbutt misses the gnoll.
You completely miss the gnoll. You block the gnoll's attack.
The gnoll closely misses you. The gnoll hits you with a +0 halberd.
You die...

####. #.......## #. ....
####...## ###. ... #...#
#... #.###.#### #...# #.##
#........# #...# #.##
#!#.#.#..# #...# #..< #.#
#..# #...# #..#
.#...#..######...#####..#
......gg@...........<....
.#......g..........(...).
.........รท..............#
.##.##.#######...######..
#. #.# #...# ### . ..#
#...# ## # ### #...# #.
##...#######.
###.........##.


You could see 3 gnolls.

Vanquished Creatures
  Menkaure (D:5)
  An ogre (D:5)
  A phantom (D:5)
  A bombardier beetle (D:3)
  Natasha (thrice) (D:2)
  4 gnolls (D:3)
  3 adders
  A dart slug (D:2)
  4 orcs (D:3)
  4 endoplasms
  4 giant cockroaches
  A goblin (D:1)
  6 hobgoblins
  2 jackals (D:1)
  4 quokkas (D:1)
  6 ball pythons
  5 bats
  5 frilled lizards
  8 kobolds
  4 rats
68 creatures vanquished.

Notes
Turn   | Place    | Note
-------+----------+-------------------------------------------
     0 | D:1      | Dirian the Minotaur Fighter began the quest for the Orb.
     0 | D:1      | Reached XP level 1. HP: 19/19 MP: 0/0
   231 | D:1      | Reached XP level 2. HP: 27/27 MP: 1/1
   266 | D:1      | Reached skill level 4 in Armour
   473 | D:1      | Reached XP level 3. HP: 33/33 MP: 2/2
   513 | D:1      | Found a faded altar of an unknown god.
  1180 | D:2      | Noticed Natasha
  1183 | D:2      | Killed Natasha
  1184 | D:2      | Reached XP level 4. HP: 22/41 MP: 3/3
  1272 | D:2      | Noticed Natasha
  1277 | D:2      | Killed Natasha
  1497 | D:2      | Noticed Natasha
  1509 | D:2      | Killed Natasha
  1510 | D:2      | Reached XP level 5. HP: 16/47 MP: 4/4
  1853 | D:3      | Reached skill level 5 in Armour
  1945 | D:3      | Found an ancient bone altar of Kikubaaqudgha.
  2062 | D:3      | Found a glowing silver altar of Zin.
  2405 | D:3      | You fall into a shaft and drop 2 floors!
  2405 | D:5      | Entered Level 5 of the Dungeon
  2420 | D:5      | Noticed Menkaure
  2457 | D:5      | Killed Menkaure
  2458 | D:5      | Reached skill level 5 in Fighting
  2458 | D:5      | Reached skill level 5 in Axes
  2458 | D:5      | Reached XP level 6. HP: 23/56 MP: 5/5
  2589 | D:5      | Reached skill level 6 in Armour
  2654 | D:5      | Reached XP level 7. HP: 59/61 MP: 6/6
  2810 | D:3      | Slain by a gnoll

Illustrated notes

Levels and vault maps discovered:
D:1:      roderic_crop_circles_arrival_small, layout_loops_cross,
          shapermc_ecumenical_altar_notcrosses, chequers_jeans
D:2:      layout_basic, uniq_natasha
D:3:      layout_loops_cross, mainiacjoe_overflow_brackets, zin_treasury
D:4:      layout_loops_ring, mainiacjoe_overflow_alcove_2,
          mainiacjoe_overflow_divided_tiny, ebering_ghost_inner_flame,
          minmay_unequal
D:5:      layout_loops_ring, vehumet_crystals, minmay_temple_entry_grid,
          dk_noncrumbling_4, uniq_menkaure, uniq_edmund, uniq_ijyb,
          uniq_sigmund, uniq_eustachio

Skill      XL: |  1  2  3  4  5  6 |
---------------+-------------------+-----
Armour         | 4 5 6 |  6.1
Fighting       | 4 5 |  5.4
Shields        | 4 |  4.4
Axes           | 3 5 |  5.9

Action                     |  1- 3 |  4- 6 |  7- 9 || total
---------------------------+-------+-------+-------++-------
  Melee: War axe           |   102 |    60 |    10 ||   172
         Headbutt          |    16 |     7 |     2 ||    25
    Use: Potion            |       |     1 |       ||     1
 Armour: Scale mail        |    66 |    39 |    15 ||   120
  Dodge: Dodged            |    46 |    27 |     5 ||    78
  Block: Buckler           |    19 |     9 |     3 ||    31
